 Dungeon Crawl Stone Soup version 0.29-a0-284-gf9362112df (webtiles) character file.

Game seed: 14223820163475948655

4834 drugrobin the Cleaver (level 10, 0/74 HPs)
             Began as a Demigod Fighter on Mar 16, 2022.
             Slain by a killer bee (1 damage)
             ... on level 9 of the Dungeon.
             The game lasted 00:31:27 (14863 turns).

drugrobin the Cleaver (Demigod Fighter)            Turns: 14863, Time: 00:31:28

Health: 0/74       AC: 11    Str: 29    XL:     10   Next: 5%
Magic:  13/13      EV: 10    Int: 10    God:
Gold:   262        SH:  4    Dex: 13    Spells: 9/9 levels left

rFire   . . .      SeeInvis .   c - +2 dagger (venom)
rCold   + . .      Faith    .   q - +0 buckler
rNeg    . . .      Spirit   .   w - +0 troll leather armour
rPois   .          Reflect  .   E - +2 helmet
rElec   .          Harm     .   i - +0 cloak
rCorr   .          Rampage  .   p - +2 pair of gloves
Will    ++...                   (no boots)
Stlth   +.........              (no amulet)
HPRegen 1.02/turn               j - ring of willpower
MPRegen 0.13/turn               K - ring of protection from cold

@: lethally poisoned (0 -> 0)
A: high MP 1, forlorn, divine attributes
a: no special abilities


You were on level 9 of the Dungeon.
You visited 1 branch of the dungeon, and saw 9 of its levels.
You also visited: Sewer and Ossuary.

You collected 450 gold pieces.
You spent 188 gold pieces at shops.

Inventory:

Hand Weapons
 a - a +0 war axe
 b - a +0 hand crossbow
 c - a +2 dagger of venom (weapon)
 d - a +1 hand axe of freezing
 e - a +3 morningstar
 f - a +2 flail of holy wrath
Missiles
 l - 3 javelins
 y - 4 boomerangs
 L - a throwing net
 M - 25 poisoned darts (quivered)
Armour
 i - a +0 cloak (worn)
 m - a +0 scale mail
 p - a +2 pair of gloves (worn)
 q - a +0 buckler (worn)
 w - a +0 troll leather armour (worn)
 E - a +2 helmet (worn)
Magical Staves
 r - a staff of air
Jewellery
 j - a ring of willpower (left hand)
 C - a ring of protection from fire
 K - a ring of protection from cold (right hand)
Wands
 A - a wand of flame (8)
 Q - a wand of digging (4)
Scrolls
 h - 3 scrolls of brand weapon
 k - 2 scrolls of blinking
 n - 3 scrolls of fear
 t - 4 scrolls of immolation
 u - 2 scrolls of vulnerability
 D - 4 scrolls of teleportation
 F - 3 scrolls of fog
 G - a scroll of magic mapping
 I - a scroll of enchant armour
 J - 2 scrolls of amnesia
 R - a scroll of enchant weapon
Potions
 g - 2 potions of brilliance
 o - 2 potions of haste
 s - 4 potions of resistance
 v - 2 potions of attraction
 x - a potion of mutation
 z - a potion of flight
 B - a potion of lignification
 N - 2 potions of might


   Skills:
 - Level 2.6 Fighting
 + Level 13.8 Axes
 - Level 2.6 Armour
 - Level 2.6 Shields


You had 9 spell levels left.
You didn't know any spells.
Your spell library contained the following spells:

 Spells                   Type           Power      Damage    Failure   Level
 Apportation              Tloc           0%         N/A       50%         1
 Magic Dart               Conj           0%         1d3       50%         1
 Call Imp                 Summ           0%         N/A       63%         2
 Static Discharge         Conj/Air       0%         N/A       63%         2
 Sublimation of Blood     Necr           0%         N/A       63%         2
 Wereblood                Tmut           0%         N/A       63%         2
 Ignite Poison            Fire/Tmut/Pois 0%         N/A       86%         3
 Mephitic Cloud           Conj/Pois/Air  0%         N/A       86%         3
 Freezing Cloud           Conj/Ice/Air   0%         6-21      100%        5
 Lightning Bolt           Conj/Air       0%         1d11      100%        5
 Summon Hydra             Summ           0%         N/A       100%        7
 Maxwell's Capacitive Co  Air            0%         ∞         100%        8
 Dragon's Call            Summ           0%         N/A       100%        9


Dungeon Overview and Level Annotations

Branches:
Dungeon (9/15)             Temple (0/1) D:7            Lair (0/6) D:8
  Sewer (visited)         Ossuary (visited)
    Orc: D:9-12

Shops:
D:1 (   D:6 :(?

Annotations:
D:8 exclusion: ice statue


Innate Abilities, Weirdness & Mutations

You have an increased reservoir of magic. (+10% MP)
You shall have no god before yourself.
Your divine heritage dramatically boosts your attributes as you level up.


Message History

The killer bee is moderately wounded.
* * * LOW HITPOINT WARNING * * *
You feel very sick. You block the killer bee's attack.
The killer bee misses you.
Unknown command.
Okay, then.
Unknown command.
Unknown command.
You hit the killer bee but do no damage.
The killer bee is moderately wounded.
* * * LOW HITPOINT WARNING * * *
You feel very sick. You block the killer bee's attack.
The killer bee stings you but does no damage.
Unknown command.
Unknown command.
Unknown command.
You closely miss the killer bee.
The killer bee is moderately wounded.
* * * LOW HITPOINT WARNING * * *
You feel sick. The killer bee barely misses you.
The killer bee stings you but does no damage.
Unknown command.
Unknown command.
Unknown command.
You barely miss the killer bee.
The killer bee is moderately wounded.
* * * LOW HITPOINT WARNING * * *
You feel sick.
The killer bee stings you but does no damage.
You block the killer bee's attack.
Unknown command.
Unknown command.
Unknown command.
You hit the killer bee but do no damage.
The killer bee is poisoned.
The killer bee is moderately wounded.
You feel sick. You block the killer bee's attack.
The killer bee barely misses you. The killer bee stings you.
You die...

#.#
#....................#
#.#
#....................#
#.#
#.....................
#.##
#....................
#..#
#........#........#
##.#
#........(........#.#
#.#
#........##.†...$.!.#
#.#
#######..##........##
#.# #@###.......##
#.#######
#y###...(.....#
#.#.....#
#..##.......#..#
#.#.....#
#÷.######.(## ..
#.......# #.(# #.# .
##......###..# .#
#<)......)y(####
#..............####.
#......#..).........


You could see 2 killer bees.

Vanquished Creatures
  A troll (D:9)
  A hornet (D:9)
  Menkaure (D:4)
  3 ice beasts
  3 sky beasts
  2 orc warriors (D:8)
  A black bear (D:7)
  5 centaurs
  An ogre (D:6)
  2 phantoms (D:5)
  2 kobold brigands (D:8)
  5 bullfrogs
  3 necrophages
  A gnoll sergeant (D:8)
  A scorpion (D:5)
  3 wights (D:7)
  17 killer bees
  5 hounds
  A jelly (D:6)
  5 orc priests
  2 gnoll shamans
  Crazy Yiuf (D:3)
  2 iguanas
  8 orc wizards
  A mummy (Ossuary)
  23 gnolls
  10 adders
  A shadow imp (D:7)
  3 worms
  7 dart slugs
  35 orcs
  5 spectral bats (Ossuary)
  11 endoplasms
  13 giant cockroaches
  5 hobgoblins
  13 jackals
  13 kobolds
  11 quokkas
  14 ball pythons
  3 bat simulacra (Ossuary)
  16 frilled lizards
  12 gnoll zombies (Ossuary)
  7 goblins
  4 goblin simulacra (Ossuary)
  5 goblin zombies (Ossuary)
  5 hobgoblin zombies (Ossuary)
  3 kobold simulacra (Ossuary)
  6 kobold zombies (Ossuary)
  2 orc zombies (Ossuary)
  10 rats
  A rat simulacrum (Ossuary)
  2 spectral goblins (Ossuary)
  A spectral rat (Ossuary)
318 creatures vanquished.

Vanquished Creatures (others)
  3 killer bees (D:9)
  A kobold (D:9)
  3 fungi
7 creatures vanquished.

Grand Total: 325 creatures vanquished

Notes
Turn   | Place    | Note
-------+----------+-------------------------------------------
     0 | D:1      | drugrobin the Demigod Fighter began the quest for the Orb.
     0 | D:1      | Reached XP level 1. HP: 18/18 MP: 3/3
    88 | D:1      | Reached skill level 2 in Axes
   517 | D:1      | Reached XP level 2. HP: 24/25 MP: 4/4
   744 | D:1      | Reached skill level 3 in Axes
  1034 | D:1      | Found Yrharphuono's Weapon Shoppe.
  1042 | D:1      | Bought 2 curare-tipped darts for 14 gold pieces
  1256 | D:2      | Reached XP level 3. HP: 30/30 MP: 5/5
  2405 | D:3      | Identified the +10 short sword "Otan Acup" {protect, Drain
                  | rPois rF+ Str+6}
  2570 | D:3      | Reached skill level 4 in Axes
  2570 | D:3      | Reached XP level 4. HP: 37/37 MP: 6/6
  2864 | D:3      | Noticed a necrophage
  2900 | D:3      | Killed a necrophage
  2901 | D:3      | Reached skill level 5 in Axes
  2901 | D:3      | Reached XP level 5. HP: 32/42 MP: 7/7
  3494 | D:3      | Found a runed translucent door.
  3495 | D:3      | Noticed Crazy Yiuf
  3562 | D:4      | HP: 1/42 [iguana (8)]
  3641 | D:4      | Found a glowing drain.
  3814 | Sewer    | Entered a sewer
  4263 | Sewer    | Reached skill level 6 in Axes
  4266 | Sewer    | Reached XP level 6. HP: 44/50 MP: 8/8
  4921 | D:3      | Reached skill level 7 in Axes
  5504 | D:4      | Reached XP level 7. HP: 39/56 MP: 9/9
  6258 | D:4      | Noticed Menkaure
  6268 | D:4      | Killed Menkaure
  6269 | D:4      | Reached skill level 8 in Axes
  6851 | D:3      | Killed Crazy Yiuf
  7454 | D:5      | Entered Level 5 of the Dungeon
  7640 | D:5      | Reached skill level 9 in Axes
  7701 | D:5      | Reached XP level 8. HP: 62/62 MP: 10/10
  8246 | D:5      | Reached skill level 10 in Axes
  8626 | D:6      | Found a sand-covered staircase.
  8650 | Ossuary  | Entered an ossuary
  9180 | D:6      | Found Gagipaur's Book Boutique.
  9513 | D:6      | Reached skill level 11 in Axes
  9888 | D:6      | Found Qyutzup's Magic Scroll Emporium.
  9911 | D:6      | Bought a scroll of identify for 24 gold pieces
  9911 | D:6      | Bought a scroll of teleportation for 36 gold pieces
  9911 | D:6      | Bought a scroll of fog for 24 gold pieces
  9911 | D:6      | Bought a scroll of vulnerability for 90 gold pieces
 10109 | D:6      | Found Oshimu's Antique Weapon Boutique.
 10382 | D:7      | Reached XP level 9. HP: 35/65 MP: 11/11
 10608 | D:7      | Found a staircase to the Ecumenical Temple.
 11418 | D:7      | Got the Catalogue of Supportive Displacement
 11571 | D:8      | Reached skill level 12 in Axes
 12024 | D:8      | Found a staircase to the Lair.
 12306 | D:8      | Noticed an ice statue
 12634 | D:8      | Reached skill level 13 in Axes
 13612 | D:9      | HP: 2/68 [killer bee (4)]
 14810 | D:9      | Paralysed by a hornet for 2 turns
 14814 | D:9      | Reached XP level 10. HP: 36/74 MP: 13/13
 14860 | D:9      | HP: 3/74 [poisoned by a killer bee]
 14862 | D:9      | HP: 1/74 [poisoned by a killer bee]
 14863 | D:9      | Slain by a killer bee

Illustrated notes

Levels and vault maps discovered:
D:1:      lemuel_arrival_tunnels, layout_basic,
          shapermc_ecumenical_altar_acropolis, serial_shops,
          nicolae_shop_bloodbath_and_beyond
D:2:      layout_basic, st_stairs_7, chequers_avenue
D:3:      layout_basic, uniq_crazy_yiuf_cottage
D:4:      layout_basic, gup_sewer_entry_bubbles, roderic_filled_cross,
          sigmund_army, uniq_menkaure
D:5:      minmay_inner_zag, layout_rooms
D:6:      layout_rooms, serial_shops, kennysheep_little_box,
          nicolae_take_the_stairs, shop, nicolae_ossuary_entry_monument,
          kennysheep_another_room
D:7:      layout_layer_cave, mainiacjoe_overflow_catwalk_spiral,
          kennysheep_mini, minmay_temple_entry_gardened_gates
D:8:      minmay_statue_hallways, layout_basic, lair_entry_dummy,
          minmay_increasing_density
D:9:      layout_rooms

Skill      XL: |  1  2  3  4  5  6  7  8  9 |
---------------+----------------------------+-----
Axes           | 2 3 4 5 6 7 9 11 13 | 13.8
Fighting       | |  2.6
Armour         | |  2.6
Shields        | |  2.6

Action                   |  1- 3 |  4- 6 |  7- 9 | 10-12 || total
-------------------------+-------+-------+-------+-------++-------
Melee: War axe           |    94 |   191 |   456 |       ||   741
       Dagger            |    26 |    79 |   190 |    29 ||   324
       Hand axe          |       |       |    15 |       ||    15
       Morningstar       |       |       |    40 |       ||    40
 Fire: Hunting sling     |     6 |     9 |    17 |       ||    32
       Hand crossbow     |       |       |     5 |       ||     5
Throw: Dart              |     7 |    19 |    20 |     2 ||    48
       Throwing net      |       |       |     1 |       ||     1
Evoke: Wand              |       |       |     5 |       ||     5
  Use: Potion            |       |     3 |     5 |       ||     8
       Scroll            |       |       |    16 |     1 ||    17
Armor: Scale mail        |    52 |   135 |   396 |       ||   583
       Troll leather arm |       |       |    11 |    23 ||    34
Dodge: Dodged            |    54 |   117 |   343 |    18 ||   532
Block: Buckler           |    23 |    52 |   156 |    10 ||   241

Table legend: (Time is in decaauts)
 A = Elapsed time spent in this place.
 B = Non-inter-level travel time spent in this place.
 C = Inter-level travel time spent in this place.
 D = Time resting spent in this place.
 E = Time spent auto-exploring this place.
 F = Levels seen in this place.
 G = Mean time per level.
                   A        B        C        D        E       F      G
               +--------+--------+--------+--------+--------+-----+--------+
         Total |  15110 |  14753 |    357 |   4419 |   6581 |  11 | 1373.6 |
       Dungeon |  13736 |  13379 |    357 |   4203 |   6180 |   9 | 1526.2 |
         Sewer |    862 |    862 |      0 |    123 |    332 |   1 |  862.0 |
       Ossuary |    512 |    512 |      0 |     93 |     68 |   1 |  512.0 |
               +--------+--------+--------+--------+--------+-----+--------+

Top non-repeatable levels by time:
     D:8: 2539 daAuts
     D:3: 2506 daAuts
     D:4: 1846 daAuts
     D:5: 1371 daAuts
     D:2: 1328 daAuts
     D:7: 1276 daAuts
     D:1: 1151 daAuts
     D:6: 891 daAuts
   Sewer: 862 daAuts
     D:9: 824 daAuts
 Ossuary: 512 daAuts
